 Dungeon Crawl Stone Soup version 0.31-a0-369-g8eba5f6939 (webtiles) character file.

Game seed: 16113054297769146030

2 shadowstone the Covered (level 1, -2/19 HPs)
             Began as an Armataur Fighter on July 28, 2023.
             Killed from afar by a dart slug (4 damage)
             ... with a slug dart
             ... on level 1 of the Dungeon.
             The game lasted 00:00:39 (91 turns).

shadowstone the Covered (Armataur Fighter)            Turns: 91, Time: 00:00:39

Health: -2/19      AC:  7    Str: 21    XL:     1   Next: 33%
Magic:  1/1        EV:  7    Int:  8    God:
Gold:   0          SH:  4    Dex:  9    Spells: 0/0 levels left

rFire   . . .        a - +0 long sword
rCold   . . .        c - +0 buckler
rNeg    . . .        b - +0 scale mail
rPois   .            (no helmet)
rElec   .            (no cloak)
rCorr   .            (no gloves)
SInv    .            (no barding)
Will    .....        (no amulet) Stlth
                     (no ring)
HPRegen 0.23/turn    (no ring)
MPRegen 0.07/turn

%: roll
@: no status effects
A: large, rugged brown scales 3, deformed body, armoured tail, roll, long
tongue, awkward tongue
a: no special abilities


You were on level 1 of the Dungeon.
You visited 1 branch of the dungeon, and saw 1 of its levels.

Inventory:

Hand Weapons
 a - a +0 long sword (weapon)
Armour
 b - a +0 scale mail (worn)
 c - a +0 buckler (worn)
Potions
 d - a potion of might


   Skills:
 + Level 2.7 Fighting
 + Level 1.8 Long Blades
 + Level 3.7 Armour
 + Level 3.3 Shields


You couldn't memorise any spells.
You didn't know any spells.
Your spell library was empty.

Dungeon Overview and Level Annotations

Branches:
Dungeon (1/15)

Altars:


Innate Abilities, Weirdness & Mutations

You are completely covered in rugged brown scales. (AC +3, +7% HP)
Armour fits poorly on your strangely shaped body.
You have a long armoured tail.
You roll when moving toward enemies. (Rampage)
Your long tongue fully drains potion bottles. (2x potion effects)
Your tongue gives you trouble enunciating. (1.5x scroll delay)


Message History

The endoplasm hits you but does no damage.
The bat hits you but does no damage. The hobgoblin hits you.
The dart slug launches a dart at you. The slug dart hits you. The bat hits you.
The bat attacks as you move away! The bat hits you but does no damage.
You block the bat's attack. The bat hits you but does no damage.
The bat barely misses you. You block the hobgoblin's attack.
The endoplasm barely misses you. The bat hits you but does no damage.
The bat hits you but does no damage. The bat hits you but does no damage.
The bat hits you but does no damage. The endoplasm freezes you.
You are frozen.
The bat barely misses you.
You hit the hobgoblin.
You kill the hobgoblin!
You block the bat's attack. The endoplasm hits you.
* * * LOW HITPOINT WARNING * * *
The endoplasm hits you but does no damage.
The rat bites you but does no damage. The dart slug barely misses you.
You hit the endoplasm.
The endoplasm is almost dead.
The bat barely misses you. The endoplasm misses you.
You block the rat's attack. The dart slug bites you.
* * * LOW HITPOINT WARNING * * *
You slash the endoplasm!
You kill the endoplasm!
The bat hits you but does no damage. You block the rat's attack.
You block the bat's attack.
You barely miss the bat. The bat hits you but does no damage.
The rat closely misses you. The dart slug barely misses you.
The bat hits you but does no damage. The rat bites you.
* * * LOW HITPOINT WARNING * * *
You miss the bat. The bat barely misses you.
The dart slug bites you but does no damage.
You block the rat's attack. The bat hits you but does no damage.
The dart slug launches a dart at you. The slug dart hits you.
You die...

.#.##.#..........
.#....###.....(..
.###............
+#..........########
.........$.........#
...................#
.......###.......?.#
######## #$.....r..#
#.....w@b.#
#.........#
#.........#
#.........#
+....!....#
#...[.....#
#..........##
############


You could see a dart slug, a bat and a rat.

Vanquished Creatures
  An endoplasm (D:1)
  A hobgoblin (D:1)
2 creatures vanquished.

Notes
Turn   | Place    | Note
-------+----------+-------------------------------------------
     0 | D:1      | shadowstone the Armataur Fighter began the quest for the
                  | Orb.
     0 | D:1      | Reached XP level 1. HP: 19/19 MP: 1/1
    91 | D:1      | Killed from afar by a dart slug

Illustrated notes

Levels and vault maps discovered:
D:1:      eino_arrival_druids_welcome, layout_basic

Action                     || total
---------------------------++-------
  Melee: Long sword        ||     7
 Armour: Scale mail        ||    52
  Dodge: Dodged            ||    23
  Block: Buckler           ||    13

Table legend: (Time is in decaauts)
 A = Elapsed time spent in this place.
 B = Non-inter-level travel time spent in this place.
 C = Inter-level travel time spent in this place.
 D = Time resting spent in this place.
 E = Time spent auto-exploring this place.
 F = Levels seen in this place.
 G = Mean time per level.
                   A        B        C        D        E       F      G
               +--------+--------+--------+--------+--------+-----+--------+
         Total |     93 |     93 |      0 |      0 |      0 |   1 |   93.0 |
       Dungeon |     93 |     93 |      0 |      0 |      0 |   1 |   93.0 |
               +--------+--------+--------+--------+--------+-----+--------+

Top non-repeatable levels by time:
     D:1: 93 daAuts
